 Dungeon Crawl Stone Soup version 0.29-a0-819-g94b489e0ae (webtiles) character file.

Game seed: 5892742595969239474

10187 Turgor the Artisan of Death (level 11, 0/84 HPs)
             Began as a Demonspawn Necromancer on July 6, 2022.
             Was a Priest of Kikubaaqudgha.
             Slain by a five-headed hydra (12 damage)
             ... on level 10 of the Dungeon.
             The game lasted 01:54:08 (12122 turns).

Turgor the Artisan of Death (DsNe)                 Turns: 12122, Time: 01:54:10

Health: 0/84       AC: 16    Str: 15    XL:     11   Next: 32%
Magic:  23/23      EV: 12    Int: 23    God:    Kikubaaqudgha [***...]
Gold:   281        SH:  0    Dex: 14    Spells: 7/27 levels left

rFire   . . .      SeeInvis .   E - +12 quarterstaff of Magnificence {freeze, rElec Str+3}
rCold   . . .      Faith    .   (shield currently unavailable)
rNeg    . . .      Spirit   .   I - +0 steam dragon scales
rPois   .          Reflect  .   (helmet restricted)
rElec   +          Harm     .   u - +2 cloak
rCorr   .          Rampage  .   R - +0 pair of gloves
Will    +....                   B - +2 pair of boots {Fly}
Stlth   ++........              P - amulet of magic regeneration
HPRegen 0.24/turn               A - +4 ring of protection
MPRegen 0.76/turn               U - ring of willpower

@: about to teleport, animating dead, flying
A: horns 1, powered by death 1, magic regeneration, big brain 3
a: Renounce Religion, Unearth Wretches


You were on level 10 of the Dungeon.
You worshipped Kikubaaqudgha.
Kikubaaqudgha was most pleased with you.
You visited 2 branches of the dungeon, and saw 11 of its levels.
You also visited: Bailey.

You collected 653 gold pieces.
You spent 372 gold pieces at shops.

Inventory:

Hand Weapons
 s - a +2 sling of flaming
 w - a +2 vampiric dagger
 E - the +12 quarterstaff of Magnificence (weapon) {freeze, rElec Str+3}
   (You found it on level 5 of the Dungeon)

   It freezes those it strikes, dealing additional cold damage.
   It can also slow down cold-blooded creatures.
   Str:       It affects your strength (+3).
   rElec:     It insulates you from electricity.
 L - the +11 spear of Mastery {flame, +Blink rC- Will++ Int+2}
   (You found it in a bailey)

   It burns those it strikes, dealing additional fire damage.
   Int:       It affects your intelligence (+2).
   rC:        It makes you vulnerable to cold.
   +Blink:    It lets you blink.
   Will:      It greatly increases your willpower.
Missiles
 g - 3 silver javelins
 i - 18 poisoned darts (quivered)
 v - 2 throwing nets
 V - a curare-tipped dart
Armour
 u - a +2 cloak (worn)
 x - a +1 leather armour of cold resistance
 B - a +2 pair of boots of flying (worn)
 I - +0 steam dragon scales (worn)
 R - a +0 pair of gloves (worn)
Jewellery
 A - a +4 ring of protection (left hand)
 P - an amulet of magic regeneration (around neck)
 U - a ring of willpower (right hand)
Wands
 n - a wand of flame (6)
 H - a wand of charming (19)
 O - a wand of light (10)
 Q - a wand of digging (4)
Scrolls
 a - 2 scrolls of enchant armour {unknown}
 d - a scroll of summoning {unknown}
 e - 2 scrolls of poison {unknown}
 f - 2 scrolls of torment
 j - a scroll of noise {unknown}
 l - 3 scrolls of blinking {unknown}
 q - 4 scrolls of enchant weapon {unknown}
 r - 3 scrolls of magic mapping {unknown}
 t - 4 scrolls of teleportation
 D - 3 scrolls of immolation {unknown}
 F - a scroll of acquirement {unknown}
 J - 2 scrolls of fog {unknown}
Potions
 b - a potion of magic
 c - 3 potions of might
 h - 2 potions of heal wounds
 k - 2 potions of cancellation
 o - 4 potions of mutation
 p - 3 potions of attraction
 z - 2 potions of curing
 G - 4 potions of resistance
 M - 2 potions of invisibility
 N - 2 potions of haste
 S - a potion of brilliance
 T - a potion of flight {unknown}


   Skills:
 + Level 7.5 Fighting
 + Level 5.3 Staves
 + Level 6.5 Ranged Weapons
 - Level 2.0 Armour
 - Level 2.0 Dodging
 - Level 2.0 Stealth
 + Level 8.7 Spellcasting
 + Level 11.0 Necromancy


You had 7 spell levels left.
You knew the following spells:

 Your Spells              Type           Power      Damage    Failure   Level
a - Necrotise             Necr           100%       1d9       1%          1
b - Vampiric Draining     Necr           57%        2d10      1%          3
c - Animate Dead          Necr           57%        N/A       1%          4
d - Agony                 Necr           57%        N/A       1%          5
e - Sublimation of Blood  Necr           57%        N/A       1%          2
f - Borgnjor's Vile Clut  Necr/Erth      17%        N/A       8%          5

Your spell library contained the following spells:

 Spells                   Type           Power      Damage    Failure   Level
 Dispel Undead            Necr           57%        3d20      1%          4
 Shock                    Conj/Air       40%        1d5       2%          1
 Summon Small Mammal      Summ           40%        N/A       2%          1
 Anguish                  Hex/Necr       17%        N/A       2%          4
 Death Channel            Necr           28%        N/A       4%          6
 Corpse Rot               Necr/Pois/Air  26%        N/A       6%          4
 Call Canine Familiar     Summ           10%        N/A       8%          3
 Dazzling Flash           Conj/Hex       20%        N/A       8%          3
 Summon Guardian Golem    Hex/Summ       10%        N/A       8%          3
 Swiftness                Air            10%        N/A       8%          3
 Airstrike                Air            5%         0-3+      26%         4
 Simulacrum               Ice/Necr       17%        N/A       38%         6
 Silence                  Hex/Air        5%         N/A       54%         5


Dungeon Overview and Level Annotations

Branches:
Dungeon (10/15)            Temple (1/1) D:4            Lair (0/6) D:9
 Bailey (visited)
    Orc: D:9-12

Altars:
Ashenzari
Cheibriados
Fedhas
Gozag
Hepliaklqana
Kikubaaqudgha
Nemelex Xobeh
Okawaru
Qazlal
Sif Muna
Uskayaw
Wu Jian

Shops:
D:4 [[!


Innate Abilities, Weirdness & Mutations

You have a pair of small horns on your head.
You regenerate a little health from kills.
You regenerate magic rapidly.
You have an absolutely massive brain. (Int +6, Wiz)


Message History

You freeze the five-headed hydra.
Your headbutt misses the five-headed hydra.
The five-headed hydra is moderately wounded.
Your yaktaur zombie hits the five-headed hydra!
The cyclops hits your yaktaur zombie!! The cyan ugly thing pecks you.
The cyan ugly thing shocks you. You resist.
As you read the scroll of teleportation, it crumbles to dust.
You feel strangely unstable. The five-headed hydra bites you. x2
The five-headed hydra bites you!
* * * LOW HITPOINT WARNING * * *
The five-headed hydra completely misses you.
The five-headed hydra bites you but does no damage.
The orc knight hits you from afar with a +0 halberd!
* * * LOW HITPOINT WARNING * * *
Your yaktaur zombie hits the cyclops!
The cyan ugly thing pecks you.
* * * LOW HITPOINT WARNING * * *
The cyan ugly thing shocks you. You resist.
* * * LOW HITPOINT WARNING * * *
The cyclops hits your yaktaur zombie.
You feel much better. The orc knight completely misses you.
The five-headed hydra bites you but does no damage.
The five-headed hydra bites you!
* * * LOW HITPOINT WARNING * * *
The five-headed hydra bites you but does no damage.
The five-headed hydra bites you.
* * * LOW HITPOINT WARNING * * *
The five-headed hydra closely misses you.
Your yaktaur zombie hits the cyclops!
The cyan ugly thing barely misses you.
Okay, then.
Okay, then.
Okay, then.
Okay, then.
You sock the five-headed hydra!
The five-headed hydra seems to slow down.
You freeze the five-headed hydra.
The five-headed hydra is severely wounded.
The orc knight hits you but does no damage.
The cyclops hits your yaktaur zombie! The five-headed hydra bites you!
You die...
Kikubaaqudgha rasps: "You have failed me!
Welcome... death!"

#..##'########
#..#...#
#..#.).#
#..#...#
#..#...#
#..##..#
....#..###
....#..#Z##
##.@DC#
#.#u..#
####o## ...
... ###[. #


You could see a five-headed hydra (slow), an orc knight, a cyan ugly thing, a
cyclops (ally target) and a friendly yaktaur zombie.

Vanquished Creatures
  2 two-headed ogres
  A centaur warrior (D:10)
  A yaktaur (D:10)
  A troll (D:7)
  A hornet (D:7)
  3 spriggans (Bailey)
  2 wraiths
  2 yaks (D:9)
  A wyvern (D:9)
  3 steam dragons
  Menkaure (D:4)
  3 wargs (D:9)
  An acid dragon (Bailey)
  2 orc warriors
  An ice beast (D:7)
  A sky beast (D:7)
  A black bear (D:6)
  An ogre (Bailey)
  6 centaurs
  A phantom (D:4)
  A kobold brigand (D:8)
  5 scorpions
  A bullfrog (D:7)
  5 gnoll sergeants
  8 wights
  2 howler monkeys
  6 hounds
  3 jellies
  A gnoll bouda (D:3)
  6 orc priests
  2 iguanas (D:6)
  15 orc wizards
  30 gnolls
  6 adders
  3 worms
  3 dart slugs
  33 orcs
  6 bats
  2 endoplasms
  4 giant cockroaches
  11 goblins
  13 hobgoblins
  15 jackals (D:3)
  15 kobolds
  5 quokkas
  5 ball pythons
  5 frilled lizards
  7 rats
253 creatures vanquished.

Vanquished Creatures (collateral kills)
  Erica (D:9)
  2 spriggans (Bailey)
  2 yaks (D:9)
  5 ogres (Bailey)
  A necrophage (D:6)
  2 wights (D:9)
  An orc wizard (D:7)
  A gnoll (D:8)
  2 adders
  5 orcs
  A ball python (D:4)
  4 endoplasms
  2 giant cockroaches
  A hobgoblin (D:1)
  2 jackals (D:3)
  4 kobolds
  A frilled lizard (D:3)
  2 rats
39 creatures vanquished.

Vanquished Creatures (others)
  A human zombie (D:9)
  A warg zombie (D:9)
  A troll zombie (D:7)
  A yak zombie (D:9)
  2 centaur zombies (D:9)
  An orc wizard (D:9)
  4 ogre zombies (Bailey)
  2 hound zombies
  A howler monkey zombie (D:6)
  An iguana zombie (D:6)
  A jelly zombie (D:8)
  8 gnoll zombies
  3 goblin zombies (D:7)
  2 hobgoblin zombies (D:9)
  7 kobold zombies
  16 orc zombies
  A fungus (D:3)
  52 plants
105 creatures vanquished.

Grand Total: 397 creatures vanquished

Notes
Turn   | Place    | Note
-------+----------+-------------------------------------------
     0 | D:1      | Turgor the Demonspawn Necromancer began the quest for the
                  | Orb.
     0 | D:1      | Reached XP level 1. HP: 13/13 MP: 3/3
   379 | D:1      | Gained mutation: You have an unusually large brain. (Int
                  | +2) [demonic ancestry]
   379 | D:1      | Reached XP level 2. HP: 20/20 MP: 1/5
   518 | D:1      | Reached skill level 1 in Fighting
   846 | D:1      | Gained mutation: You regenerate magic rapidly. [demonic
                  | ancestry]
   846 | D:1      | Reached XP level 3. HP: 20/26 MP: 1/6
  1481 | D:2      | Learned a level 3 spell: Vampiric Draining
  2041 | D:3      | Reached skill level 5 in Necromancy
  2041 | D:3      | Gained mutation: You have an extremely huge brain. (Int +4)
                  | [demonic ancestry]
  2041 | D:3      | Reached XP level 4. HP: 33/33 MP: 3/8
  2450 | D:3      | Learned a level 4 spell: Animate Dead
  3053 | D:3      | Gained mutation: You have an absolutely massive brain. (Int
                  | +6, Wiz) [demonic ancestry]
  3053 | D:3      | Reached XP level 5. HP: 38/38 MP: 5/9
  3166 | D:3      | Reached skill level 1 in Ranged Weapons
  3784 | D:3      | Reached XP level 6. HP: 40/46 MP: 1/11
  4235 | D:3      | Reached skill level 6 in Necromancy
  4748 | D:4      | Reached XP level 7. HP: 35/52 MP: 13/13
  4850 | D:4      | Found Duocom's Distillery.
  5115 | D:4      | Found Suwnaluf's Armour Boutique.
  5149 | D:4      | Found Deirrarr's Antique Armour Shop.
  5157 | D:4      | Bought a pair of embroidered boots for 172 gold pieces
  5279 | D:4      | Noticed Menkaure
  5586 | D:4      | Found an ornate altar of the Wu Jian Council.
  5588 | D:4      | Found an opulent altar of Gozag.
  5589 | D:4      | Found an iron altar of Okawaru.
  5662 | D:4      | Killed Menkaure
  5663 | D:4      | Reached skill level 1 in Armour
  5859 | D:4      | Found a staircase to the Ecumenical Temple.
  5868 | Temple   | Entered the Ecumenical Temple
  5915 | Temple   | Became a worshipper of Kikubaaqudgha
  6034 | D:5      | Entered Level 5 of the Dungeon
  6096 | D:5      | Identified the +12 quarterstaff of Magnificence {freeze,
                  | rElec Str+3}
  6295 | D:5      | Reached skill level 7 in Necromancy
  6295 | D:5      | Reached XP level 8. HP: 54/60 MP: 15/15
  6347 | D:5      | Reached skill level 5 in Spellcasting
  6579 | D:5      | You are sucked into a shaft and drop 2 floors!
  6603 | D:7      | Noticed a hornet
  6608 | D:7      | Killed a hornet
  6632 | D:7      | Noticed a troll
  6652 | D:7      | Killed a troll
  6700 | D:7      | Found a flagged portal.
  6710 | D:7      | Reached skill level 1 in Staves
  6887 | Bailey   | Entered a bailey
  6904 | Bailey   | Reached skill level 8 in Necromancy
  6918 | Bailey   | Gained mutation: You have a pair of small horns on your
                  | head. [demonic ancestry]
  6918 | Bailey   | Reached XP level 9. HP: 54/67 MP: 16/18
  6959 | Bailey   | Reached skill level 5 in Fighting
  7007 | Bailey   | HP: 1/68 [spriggan/+0 spear (9)]
  7014 | Bailey   | Reached skill level 9 in Necromancy
  7228 | Bailey   | Noticed a two-headed ogre
  7343 | Bailey   | Killed a two-headed ogre
  7350 | Bailey   | Learned a level 5 spell: Agony
  7760 | Bailey   | Identified the +11 spear of Mastery {flame, +Blink rC-
                  | Will++ Int+2}
  7876 | D:7      | Reached * piety under Kikubaaqudgha
  7876 | D:7      | Received a gift from Kikubaaqudgha
  7981 | D:7      | Reached XP level 10. HP: 75/76 MP: 20/20
  7989 | D:7      | Learned a level 2 spell: Sublimation of Blood
  8405 | D:6      | Reached skill level 5 in Ranged Weapons
  8556 | D:6      | Reached skill level 10 in Necromancy
  8808 | D:4      | Bought a potion of invisibility for 80 gold pieces
  8808 | D:4      | Bought a potion of brilliance for 40 gold pieces
  8808 | D:4      | Bought a potion of mutation for 80 gold pieces
  9404 | D:8      | Noticed a two-headed ogre
  9408 | D:8      | HP: 5/114 [two-headed ogre/+0 giant club (4)]
  9409 | D:8      | Killed a two-headed ogre
  9778 | D:8      | Identified the +0 cloak "Laowereh" {Fly}
  9987 | D:8      | Reached ** piety under Kikubaaqudgha
 10216 | D:8      | Found a shimmering blue altar of Sif Muna.
 10510 | D:9      | Found a hazy altar of Hepliaklqana.
 10543 | D:9      | Found a staircase to the Lair.
 10777 | D:9      | Gained mutation: You regenerate a little health from kills.
                  | [demonic ancestry]
 10777 | D:9      | Reached XP level 11. HP: 66/84 MP: 23/23
 10783 | D:9      | Noticed Erica
 10792 | D:9      | Killed Erica
 11133 | D:9      | Your ally Erica died
 11178 | D:9      | Reached skill level 5 in Staves
 11599 | D:9      | Reached *** piety under Kikubaaqudgha
 11599 | D:9      | Received a gift from Kikubaaqudgha
 11623 | D:9      | Learned a level 5 spell: Borgnjor's Vile Clutch
 11921 | D:10     | Entered Level 10 of the Dungeon
 12062 | D:10     | Noticed a centaur warrior
 12068 | D:10     | Killed a centaur warrior
 12069 | D:10     | Reached skill level 11 in Necromancy
 12113 | D:10     | Noticed a five-headed hydra
 12114 | D:10     | Noticed a cyan ugly thing
 12117 | D:10     | Noticed an orc knight
 12122 | D:10     | Slain by a five-headed hydra

Illustrated notes

Levels and vault maps discovered:
D:1:      dpeg_arrival_more_subterranean_lakeside_camping, layout_loops_ring,
          dreamdust_wishing_well, minmay_split_cup_large
D:2:      layout_loops_cross, chequers_serial_rivers_micro_b
D:3:      lemuel_castle_with_subvaults [lemuel_castle_interior_original],
          layout_basic, minmay_misc_feat_x
D:4:      layout_basic, mainiacjoe_overflow_alcove_3,
          minmay_temple_entry_poolview, serial_shops,
          nicolae_shop_temple_entry_statues_fountains, shop_statue,
          nicolae_shop_stone, uniq_menkaure
D:5:      layout_loops_ring, chequers_serial_rivers_large_a
D:6:      layout_loops_ring, fountainhead
D:7:      layout_loops_ring, enter_bailey_7, chequers_arboretum
D:8:      layout_basic, mainiacjoe_overflow_24_doors,
          nicolae_figureground_sparkle
D:9:      kennysheep_housing_project, layout_basic,
          nicolae_hepliaklqana_hazy_memory, erik_lair_orcish_takeover,
          serial_glass, glass_columns_a, glass_columns_b, uniq_erica
D:10:     minmay_sliced_demisemicircle, layout_irregular_city, uniq_maurice
Temple:   nicolae_temple_bog_church

Skill      XL: |  1  2  3  4  5  6  7  8  9 10 11 |
---------------+----------------------------------+-----
Stealth        | 2 |  2.0
Dodging        | 2 |  2.0
Fighting       | 1 2 3 4 5 7 |  7.5
Necromancy     | 5 6 7 8 9 10 11 | 11.0
Spellcasting   | 3 4 6 7 8 |  8.7
Ranged Weapons | 1 2 3 4 6 |  6.5
Armour         | 1 2 |  2.0
Staves         | 1 3 4 5 |  5.3

Action                   |  1- 3 |  4- 6 |  7- 9 | 10-12 || total
-------------------------+-------+-------+-------+-------++-------
Melee: Short sword       |    26 |     8 |       |       ||    34
       Dagger            |       |    15 |    61 |       ||    76
       Quarterstaff      |       |       |    61 |   229 ||   290
       Punch             |       |       |     2 |       ||     2
       Headbutt          |       |       |     5 |    37 ||    42
       Spear             |       |       |       |     4 ||     4
 Fire: Sling             |       |    48 |    57 |    50 ||   155
Throw: Dart              |     6 |       |     7 |     3 ||    16
 Cast: Necrotise         |    74 |   126 |    13 |     2 ||   215
       Vampiric Draining |       |     9 |     1 |       ||    10
       Animate Dead      |       |     8 |     8 |    12 ||    28
Evoke: Wand              |       |       |     4 |       ||     4
  Use: Scroll            |     1 |     1 |       |     8 ||    10
       Potion            |       |     3 |     1 |     4 ||     8
 Stab: Sleeping          |       |       |       |     4 ||     4
       Distracted        |       |       |       |     3 ||     3
Armor: Robe              |     5 |     9 |       |       ||    14
       Leather armour    |       |    18 |    54 |       ||    72
       Steam dragon scal |       |       |     7 |   145 ||   152
Dodge: Dodged            |    16 |    19 |    96 |   154 ||   285

Table legend: (Time is in decaauts)
 A = Elapsed time spent in this place.
 B = Non-inter-level travel time spent in this place.
 C = Inter-level travel time spent in this place.
 D = Time resting spent in this place.
 E = Time spent auto-exploring this place.
 F = Levels seen in this place.
 G = Mean time per level.
                   A        B        C        D        E       F      G
               +--------+--------+--------+--------+--------+-----+--------+
         Total |  12208 |  11580 |    628 |   1799 |   5831 |  12 | 1017.3 |
       Dungeon |  11221 |  10609 |    612 |   1256 |   5791 |  10 | 1122.1 |
        Temple |     63 |     47 |     16 |      0 |     37 |   1 |   63.0 |
        Bailey |    922 |    922 |      0 |    543 |      3 |   1 |  922.0 |
               +--------+--------+--------+--------+--------+-----+--------+

Top non-repeatable levels by time:
     D:3: 2883 daAuts
     D:9: 1444 daAuts
     D:7: 1251 daAuts
     D:4: 1187 daAuts
     D:8: 1148 daAuts
     D:1: 998 daAuts
     D:2: 985 daAuts
  Bailey: 922 daAuts
     D:5: 749 daAuts
     D:6: 365 daAuts
    D:10: 207 daAuts
  Temple: 63 daAuts
